Map: Torres Crepusculares

Players

Bombs

  • Race: Terran Terran
  • League: Grandmaster

I.A. 2 (Elite) - Winner!

  • Race: Zerg Zerg

VOD

Have the link to the VOD?

Description

Time

  • Played on: March 10, 2016, 7:21 p.m.
  • Length: 9:11
Show
View Real Time Build Order
Export as new Build Order

Bombs Terran 

Build Orders: Hellion Opening, MMM Bio 

Get SALT Encoding   

  12  0:01  SCV  
  13  0:13  SCV  
  14  0:17  Supply Depot  
  14  0:25  SCV  
  15  0:39  Barracks, SCV  
  16  0:46  Refinery  
  16  0:51  SCV  
  17  1:03  SCV  
  18  1:15  SCV  
  19  1:28  Orbital Command  
  19  1:29  Barracks Reactor  
  19  1:41  Command Center  
  19  1:52  Supply Depot  
  19  1:54  SCV  
  20  2:06  Marine x2, SCV  
  23  2:15  Factory  
  23  2:18  SCV  
  24  2:23  Refinery  
  24  2:26  Marine x2  
  26  2:30  SCV  
  27  2:42  SCV  
  28  2:53  Orbital Command  
  28  3:03  SCV, Starport  
  29  3:06  Hellion x2  
  29  3:09  Marine  
  34  3:15  SCV  
  34  3:18  SCV  
  36  3:20  Supply Depot  
  36  3:29  Hellion x2  
  36  3:30  Marine  
  41  3:34  SCV  
  41  3:35  SCV  
  41  3:39  Medivac  
  45  3:43  Armory  
  45  3:46  Supply Depot  
  45  3:51  Hellion x2  
  45  3:55  Marine  
  50  3:59  SCV x2  
  52  4:11  Supply Depot, SCV x2  
  54  4:21  Widow Mine x2  
  54  4:22  Barracks Tech Lab  
  58  4:24  Starport Reactor  
  58  4:27  SCV x2  
  58  4:30  Barracks  
  58  4:31  Barracks  
  60  4:40  Supply Depot  
  60  4:46  SCV  
  60  4:47  SCV  
  60  4:49  Marauder, Stimpack  
  62  4:59  SCV x2  
  64  5:00  Barracks  
  64  5:02  Barracks  
  64  5:11  SCV x2  
  64  5:12  Medivac x2  
  64  5:13  Marauder  
  72  5:23  Barracks Tech Lab  
  72  5:36  Marauder, Marine x2  
  72  5:40  Supply Depot  
  72  5:42  Supply Depot x2  
  76  5:43  Supply Depot  
  76  5:44  Combat Shields  
  76  5:45  Marine  
  75  5:50  Barracks Reactor x2  
  75  5:54  Refinery, Marine x2  
  71  5:57  Marine  
  71  6:03  Marine  
  70  6:11  Medivac  
  68  6:12  Medivac, Marine x2  
  68  6:15  Marine  
  70  6:26  Marine x4  
  70  6:29  Marine x2  
  76  6:34  Marauder  
  76  6:35  Marauder  
  79  6:42  Medivac  
  79  6:44  Marine x4  
  85  6:47  Marine x2  
  85  6:54  Hellion  
  89  6:55  Marauder  
  89  6:57  Marauder  
  89  7:00  Supply Depot  
  93  7:02  Supply Depot, Marine x4  
  93  7:05  Supply Depot  
  97  7:09  Marine x2  
  97  7:14  Medivac x2  
  97  7:15  Hellion  
  105  7:17  Marauder  
  105  7:18  Marauder  
  105  7:20  Marine  
  105  7:21  Marine x3  
  113  7:24  Concussive Shells  
  113  7:26  Marine  
  113  7:27  Marine  
  115  7:37  Marine  
  115  7:38  Marauder  
  115  7:39  Marauder, Marine x3  
  123  7:44  Marine  
  123  7:46  Marine  
  125  7:53  Supply Depot  
  125  7:55  Hellion, Supply Depot, Marine  
  125  7:57  Marine x2  
  130  8:00  Marauder  
  130  8:01  Marauder  
  134  8:14  Marine x3  
  134  8:15  Marine  
  134  8:16  Hellion  
  138  8:21  Marauder  
  138  8:22  Marauder  
  140  8:27  Medivac x2  
  140  8:29  Marine x2  
  140  8:32  Marine  
  147  8:38  Hellion  
  149  8:43  Marine  
  149  8:44  Marine  
Show
View Real Time Build Order
Export as new Build Order

I.A. 2 (Elite) Zerg - Winner!

Build Orders: Pool First 

Get SALT Encoding   

  12  0:00  Drone  
  13  0:12  Overlord  
  13  0:17  Drone  
  14  0:30  Drone x2  
  16  0:43  Spawning Pool  
  16  0:45  Drone  
  16  0:49  Drone  
  17  1:12  Hatchery  
  17  1:13  Drone  
  17  1:16  Extractor  
  17  1:18  Drone  
  17  1:22  Drone  
  18  1:27  Drone  
  19  1:38  Overlord  
  19  1:48  Queen  
  19  1:49  Drone  
  22  1:59  Zergling x2  
  23  2:10  Drone  
  24  2:21  Drone  
  25  2:24  Queen  
  25  2:25  Roach Warren  
  26  2:30  Drone  
  26  2:33  Extractor  
  26  2:38  Drone  
  26  2:42  Drone  
  27  2:48  Overlord  
  27  2:52  Drone  
  27  2:56  Drone  
  27  2:58  Drone  
  30  3:02  Drone  
  32  3:05  Drone  
  32  3:08  Zergling x2  
  32  3:12  Zergling x2  
  34  3:16  Roach  
  36  3:20  Roach  
  36  3:24  Roach  
  40  3:28  Roach  
  40  3:30  Drone  
  40  3:32  Drone  
  44  3:38  Overlord  
  44  3:45  Lair  
  44  3:50  Metabolic Boost  
  44  3:56  Drone  
  44  3:57  Drone  
  44  3:59  Drone  
  44  4:02  Drone  
  48  4:04  Drone  
  48  4:06  Drone  
  48  4:09  Drone  
  51  4:12  Overlord  
  51  4:15  Drone  
  52  4:20  Evolution Chamber  
  52  4:21  Drone  
  52  4:26  Drone, Evolution Chamber  
  52  4:31  Drone x2  
  54  4:35  Drone  
  54  4:37  Drone  
  56  4:39  Drone  
  56  4:40  Drone  
  58  4:46  Drone, Infestation Pit  
  58  4:48  Zergling x2  
  58  4:50  Zergling x2  
  56  4:55  Overseer, Spore Crawler  
  56  4:58  Spore Crawler, Zergling x2  
  48  5:00  Roach  
  48  5:04  Overlord  
  48  5:06  Roach  
  52  5:09  Roach  
  51  5:14  Zergling x2  
  51  5:16  Zergling x2  
  51  5:22  Overlord  
  51  5:30  Roach  
  51  5:32  Extractor  
  51  5:33  Zergling x2, Roach x3  
  51  5:35  Zergling x2  
  52  5:40  Roach  
  52  5:45  Roach  
  52  5:49  Drone  
  39  5:52  Drone, Overlord  
  30  6:12  Drone  
  30  6:15  Drone  
  32  6:18  Spawning Pool  
  32  6:20  Hydralisk Den  
  32  6:23  Drone  
  31  6:27  Drone  
  31  6:31  Drone  
  33  6:34  Drone  
  33  6:37  Drone  
  35  6:41  Drone  
  35  6:47  Roach  
  38  6:49  Drone  
  38  6:51  Hydralisk  
  41  6:56  Hydralisk  
  41  7:00  Drone  
  44  7:04  Drone  
  44  7:08  Zergling x2  
  46  7:10  Overlord  
  46  7:14  Zergling x2  
  47  7:17  Drone  
  47  7:21  Drone  
  49  7:23  Drone  
  49  7:27  Drone  
  49  7:29  Drone  
  52  7:32  Drone  
  53  7:39  Drone  
  53  7:41  Overlord  
  53  7:43  Drone  
  55  7:46  Drone  
  55  7:50  Drone  
  57  7:52  Drone  
  58  8:01  Drone  
  58  8:02  Drone  
  60  8:11  Drone  
  60  8:12  Overlord, Roach, Infestor  
  65  8:14  Roach  
  65  8:22  Zergling x2  
  65  8:25  Zergling x2  
  51  8:33  Roach  
  53  8:35  Overlord  
  48  8:44  Drone, Roach  
  50  8:49  Overlord  
  42  9:01  Spawning Pool  
Tags
 
Add a new tag
Caveats
  • Supply blocks, unpowered buildings, or Contaminate may cause inaccurate times.
  • Supply counts are checked every 10 seconds.